Map: King's Cove LE

Players

Enterprise

  • Race: Zerg Zerg
  • League: Master
  • Spawn Location: 11:00

BounD - Winner!

  • Race: Protoss Protoss
  • League: Master
  • Spawn Location: 5:00

VOD

Have the link to the VOD?

Description

Time

  • Played on: April 6, 2019, 2:34 p.m.
  • Length: 8:17
Show
View Real Time Build Order
Export as new Build Order

Enterprise Zerg 

Build Orders: Pool First 

Get SALT Encoding   

  12  0:01  Drone  
  13  0:13  Overlord  
  13  0:19  Drone  
  14  0:31  Drone  
  14  0:32  Drone  
  14  0:35  Drone  
  17  0:46  Spawning Pool  
  17  0:49  Drone  
  17  0:56  Drone  
  18  1:07  Drone  
  19  1:17  Hatchery  
  18  1:21  Drone  
  18  1:25  Extractor  
  18  1:32  Queen  
  20  1:39  Zergling x2  
  21  1:43  Overlord  
  21  1:55  Drone  
  22  2:01  Roach Warren  
  22  2:03  Drone  
  22  2:08  Queen  
  24  2:16  Overlord  
  24  2:42  Roach x3  
  24  2:43  Roach x2  
  34  2:47  Roach  
  36  2:57  Extractor  
  34  3:08  Roach x2  
  34  3:10  Zergling x6  
  41  3:39  Metabolic Boost  
  41  3:45  Overlord  
  41  3:56  Overlord  
  41  4:01  Ravager  
  42  4:03  Drone x2  
  42  4:05  Drone x3  
  47  4:21  Ravager  
  47  4:22  Ravager  
  42  4:43  Drone x3  
  42  4:44  Drone x5  
  50  4:51  Overlord  
  50  4:53  Lair  
  50  4:58  Overlord  
  50  5:06  Drone  
  51  5:07  Drone  
  51  5:11  Queen  
  54  5:24  Roach x5  
  54  5:26  Ravager  
  65  5:34  Ravager  
  66  5:38  Extractor  
  65  5:54  Glial Reconstitution  
  65  5:56  Drone x3  
  68  5:59  Overlord  
  68  6:13  Hatchery, Overlord  
  67  6:26  Drone x2  
  67  6:27  Zergling x4  
  67  6:29  Roach x2  
  75  6:41  Roach  
  75  6:42  Roach x3  
  75  6:45  Spore Crawler  
  82  6:52  Roach  
  82  6:53  Overlord  
  83  7:04  Queen  
  84  7:26  Roach x3  
  84  7:27  Overlord  
  84  7:28  Overlord  
  90  7:35  Overlord x2  
  90  7:44  Overlord  
  90  7:49  Roach x5  
  97  7:55  Roach x4  
Show
View Real Time Build Order
Export as new Build Order

BounD Protoss - Winner!

Build Orders: 1 Gate Expand 

Get SALT Encoding   

  12  0:01  Probe  
  13  0:13  Probe  
  14  0:19  Pylon  
  14  0:25  Probe  
  15  0:33  Probe  
  15  0:39  Gateway  
  15  0:41  Probe  
  16  0:48  Assimilator  
  17  0:51  Probe  
  18  1:03  Probe  
  19  1:15  Probe  
  20  1:26  Cybernetics Core  
  20  1:35  Nexus  
  20  1:44  Pylon  
  20  1:48  Assimilator  
  20  1:50  Probe  
  20  1:53  Adept  
  21  2:03  Warp Gate  
  21  2:04  Probe  
  24  2:15  Adept  
  24  2:16  Probe  
  24  2:18  Gateway  
  27  2:30  Probe  
  28  2:37  Robotics Facility  
  28  2:42  Probe  
  29  2:48  Stalker  
  31  2:55  Probe  
  32  3:05  Pylon  
  32  3:07  Probe  
  33  3:16  Probe  
  33  3:19  Probe  
  35  3:23  Immortal  
  33  3:31  Probe  
  36  3:38  Shield Battery  
  36  3:40  Shield Battery  
  36  3:43  Shield Battery  
  36  3:46  Pylon  
  36  3:52  Sentry x2  
  36  3:53  Immortal  
  44  4:11  Cybernetics Core  
  44  4:19  Sentry  
  46  4:28  Stalker  
  48  4:39  Immortal  
  52  4:48  Pylon  
  52  4:50  Probe x2  
  53  4:57  Assimilator  
  53  4:58  Probe x2  
  54  5:01  Assimilator  
  56  5:07  Probe  
  56  5:12  Sentry  
  56  5:14  Warp Prism  
  59  5:16  Gateway  
  59  5:19  Gateway  
  61  5:24  Probe x2  
  61  5:27  Sentry  
  65  5:31  Pylon  
  65  5:36  Gateway  
  65  5:42  Gateway  
  65  5:48  Probe x2  
  67  5:50  Sentry x2  
  71  6:01  Probe x2, Pylon  
  73  6:13  Pylon  
  73  6:23  Pylon  
  73  6:26  Shield Battery  
  73  6:27  Shield Battery x2  
  73  6:29  Shield Battery  
  73  6:35  Stalker x2  
  77  6:40  Stalker x2  
  77  6:45  Stalker  
  83  6:58  Pylon  
  83  7:18  Stalker  
  83  7:19  Stalker x5  
  89  7:44  Stalker x6  
  95  8:10  Stalker x4  
  95  8:11  Stalker x2  
Tags
 
Add a new tag
Caveats
  • Supply blocks, unpowered buildings, or Contaminate may cause inaccurate times.
  • Supply counts are checked every 10 seconds.